[Event "German Bundesliga 2024-25"]
[Site "Germany"]
[Date "2025.01.12"]
[Round "6"]
[White "Firouzja, Alireza"]
[Black "Livaic, Leon"]
[Result "1/2-1/2"]
[Annotator "TA"]
[ECO "C41"]
[WhiteElo "2763"]
[BlackElo "2557"]
[PlyCount "49"]
[EventDate "2024.09.27"]
[EventType "team-tourn"]
[EventCountry "GER"]
[SourceTitle "playchess.com"]
[Source "ChessBase"]
[SourceQuality "1"]
[WhiteTeam "Baden-Baden"]
[BlackTeam "Heimbach-Weis-Neuwied"]
[TimeControl "40/5400+30:1800+30"]

1. e4 d6 2. d4 Nf6 3. Nc3 e5 4. Nf3 Nbd7 5. Bc4 Be7 6. O-O O-O 7. h3 c6 8. a4 exd4 9. Qxd4 Nc5 10. Rd1 Be6 11. b4 {[%emt 0:12:30] White is slightly better.} (11. Bf4 $5) 11... Bxc4 (11... Ncxe4 $5 12. Bxe6 (12. Nxe4 d5 $11) 12... Nxc3 13. Bxf7+ Rxf7 14. Qxc3 Nd5 $11) 12. Qxc4 Ne6 13. Be3 Re8 14. a5 Qc8 15. Qb3 Bf8 16. Nd2 Nc7 17. Bd4 Qe6 18. Rab1 Nd7 19. b5 Qxb3 (19... Qg6 {seems wilder.} 20. a6 cxb5 21. axb7 Rab8) 20. Rxb3 Ne6 21. Be3 Ndc5 22. Rbb1 g6 23. bxc6 bxc6 24. Nc4 Rad8 25. e5 {[%emt 0:02:00] Weighted Error Value: White=0.09 (flawless) /Black=0.07 (flawless) .  Mistake:       	White=1     	---        Inaccurate:     	White=1     	Black=2      OK:         	White=5     	Black=11} (25. Nb2 $11) 1/2-1/2

[Event "German Bundesliga 2024-25"]
[Site "Germany"]
[Date "2025.01.12"]
[Round "6"]
[White "Duda, Jan-Krzysztof"]
[Black "Bluebaum, Matthias"]
[Result "1/2-1/2"]
[Annotator "TA"]
[ECO "D35"]
[WhiteElo "2740"]
[BlackElo "2654"]
[PlyCount "232"]
[EventDate "2024.09.27"]
[EventType "team-tourn"]
[EventCountry "GER"]
[SourceTitle "playchess.com"]
[Source "ChessBase"]
[SourceQuality "1"]
[WhiteTeam "Viernheim"]
[BlackTeam "Deizisau"]
[TimeControl "40/5400+30:1800+30"]

1. d4 d5 2. c4 e6 3. Nc3 Be7 4. cxd5 exd5 5. Bf4 Nf6 6. e3 O-O 7. Bd3 c5 8. Nge2 Nc6 9. O-O Bg4 10. dxc5 Bxc5 11. h3 Bxe2 12. Qxe2 d4 13. Ne4 Nxe4 14. Bxe4 Qe7 15. Bxc6 bxc6 16. Rfe1 Qf6 17. Qh5 Bb4 18. Red1 dxe3 19. Bxe3 Qxb2 20. Rab1 Qa3 21. Rb3 Qa5 22. Qg4 Be7 23. Bd4 Qg5 24. Qe4 Qh5 25. Re1 Bd6 26. Qxc6 Qg6 27. g3 a5 28. Re4 Rfc8 29. Qd5 Bf8 30. Rb6 Rc1+ 31. Kg2 Rd8 32. Qe5 f6 33. Qe6+ Qf7 34. Qxf7+ Kxf7 35. Rb7+ Kg8 36. Ra7 f5 37. Rf4 Rd5 38. Bb6 Rc2 39. Rxa5 Rxa5 40. Bxa5 Rxa2 41. Rxf5 Rc2 42. g4 Bc5 43. Bd8 h6 44. Bh4 Bd6 45. Rd5 Bf4 46. Be7 Be3 47. Rf5 Bd4 48. Bd6 Rc6 49. Rd5 Bf6 50. Bg3 Rc4 51. Kf3 Kf7 52. Rd7+ Ke6 53. Ra7 Rc3+ 54. Kg2 Rc4 55. Rb7 Ra4 56. Bb8 Ra2 57. Ba7 Rb2 58. Rc7 Rb5 59. Rc6+ Kf7 60. Bc5 Be7 61. Bd4 h5 62. Rc7 hxg4 63. hxg4 Ke6 64. f4 Bd6 65. f5+ Kd5 66. Rd7 Rb4 67. Bxg7 Rxg4+ 68. Kh3 Rg5 69. Bf8 Rxf5 70. Rxd6+ Ke5 71. Rd8 Rf1 72. Bd6+ Ke4 73. Kg4 Rd1 74. Re8+ Kd5 75. Kf5 Rh1 76. Bf4 Rh5+ 77. Bg5 Rh1 78. Rd8+ Kc4 79. Ke4 Re1+ 80. Be3 Rh1 81. Rc8+ Kb5 82. Bd4 Rh4+ 83. Kd5 Rh5+ 84. Be5 Rg5 85. Rb8+ Ka5 86. Rb1 Rh5 87. Kd4 Ka6 88. Bd6 (88. Rb2 $14) 88... Rb5 $11 89. Rh1 Rg5 90. Kc4 Kb6 91. Rh6 Rg2 92. Be5+ Kb7 93. Kb5 $1 Kc8 ({But not} 93... Rg5 $6 94. Rh7+ Ka8 95. Re7 $16) 94. Rh7 Rd2 95. Kc6 Rd7 96. Rh8+ Rd8 97. Rh1 Rd7 98. Bd6 Rc7+ $1 99. Kd5 Rc2 100. Bc5 Kd7 101. Rh7+ Kd8 102. Kc6 Re2 $1 103. Ra7 Ke8 104. Bd6 Re1 105. Kd5 Kd8 106. Be5 Rd1+ 107. Ke6 Rc1 108. Ra2 Rc6+ 109. Bd6 Rc1 (109... Kc8 110. Rb2 Kd8 (110... Ra6 111. Rb8#) 111. Kd5 $18) 110. Rh2 Kc8 111. Rb2 Kd8 $1 112. Rb8+ Rc8 113. Rb1 Rc2 114. Bf4 Rc4 115. Rb8+ Rc8 116. Rxc8+ Kxc8 1/2-1/2

[Event "German Bundesliga 2024-25"]
[Site "Germany"]
[Date "2025.01.12"]
[Round "6"]
[White "Keymer, Vincent"]
[Black "Lodici, Lorenzo"]
[Result "1/2-1/2"]
[Annotator "TA"]
[ECO "A07"]
[WhiteElo "2733"]
[BlackElo "2574"]
[PlyCount "123"]
[EventDate "2024.09.27"]
[EventType "team-tourn"]
[EventCountry "GER"]
[SourceTitle "playchess.com"]
[Source "ChessBase"]
[SourceQuality "1"]
[WhiteTeam "Baden-Baden"]
[BlackTeam "Heimbach-Weis-Neuwied"]
[TimeControl "40/5400+30:1800+30"]

1. Nf3 d5 2. g3 Bg4 3. Bg2 c6 4. h3 Bh5 5. d4 Nd7 6. c4 e6 7. cxd5 exd5 8. Nc3 Ngf6 9. Ne5 Nxe5 10. dxe5 Nd7 11. O-O Be7 12. f4 f5 13. Be3 Bc5 14. Bf2 Rc8 15. Na4 Bxf2+ 16. Rxf2 b5 17. Nc3 Nc5 18. Qd4 Qb6 19. Rc1 O-O 20. e3 Ne6 21. Qxb6 axb6 22. Rfc2 Rcd8 23. Kf2 Nc5 24. Rd2 b4 25. Ne2 Bxe2 26. Kxe2 Ra8 27. Rd4 Ra4 28. g4 g6 29. gxf5 gxf5 30. h4 Kf7 31. Bh3 Ke6 32. Rc2 Rfa8 33. Kf3 R8a6 34. Bf1 Ra7 35. Bh3 Rg7 36. b3 (36. a3 $5 Ne4 37. Rxc6+ $16 (37. Rxb4 $2 Rg3+ 38. Ke2 $19)) 36... Ra8 $2 (36... Ra5 $11 {and Black is okay.}) 37. Rxb4 $18 Ne4 38. Ke2 $1 (38. Rxb6 Rg3+ 39. Ke2 Rxh3 40. Rbxc6+ Kf7 $16) (38. Rxc6+ Kd7 39. Bxf5+ (39. Rd6+ Ke8 $17) 39... Kxc6 40. Rxe4 Rf8 $19) 38... Rg3 39. Bf1 (39. Rxc6+ $2 Kd7 40. Rc2 Rxh3 41. Rxb6 Rh2+ (41... Rxh4 42. Rb7+ Kd8 43. Kd3 $11) 42. Kd1 Rxc2 (42... Rxa2 43. Rb7+ Kd8 44. Rb8+ Kd7 45. Rb7+ Kd8 46. Rb8+ Kd7 47. Rb7+ $11) (42... Rxh4 43. Kc1 $15) 43. Kxc2 Rxa2+ 44. Kd1 Nf2+ 45. Kc1 Ng4 46. Rd6+ Ke7 47. Rxd5 Nxe3 $19) 39... d4 40. exd4 (40. Rxc6+ Kd7 (40... Kd5 $2 41. Rd6+ Nxd6 42. Rxd4+ Kc5 43. b4+ Kc6 44. Rxd6+ Kc7 45. Kf2 $18) 41. Rc2 Rxe3+ 42. Kd1 Nc3+ 43. Kd2 Ne4+ 44. Kd1 Nc3+ 45. Kd2 Ne4+ 46. Kd1 $11) (40. Rxd4 $18 c5 41. Ra4 Rxa4 42. bxa4) 40... Rg1 (40... Nc3+ $2 41. Kd2 Ne4+ 42. Ke1 $16 (42. Kc1 $2 Rg1 $17)) (40... Kd5 $1 $14) 41. Rxc6+ (41. Rxb6 $18 Ng3+ 42. Kf2 Rxf1+ 43. Kxg3) 41... Kd5 $16 42. Rc2 (42. Rbxb6 Rxa2+ 43. Ke1 Ng3 (43... Kxd4 $2 44. Ra6 $19) (43... Ra1+ $2 44. Ke2 $19) (43... Rf2 $2 44. Rd6+ Nxd6 45. Rxd6+ Ke4 46. Kxf2 $18) 44. Rc5+ Ke4) 42... Ng3+ 43. Kd3 $1 (43. Kf2 Rxf1+ 44. Kxg3 Rg8+ 45. Kh2 Rxf4 $11) 43... Rxf1 44. Rb5+ Ke6 45. Rxb6+ Kf7 {[%emt 0:01:30] [#]} 46. Rc7+ ({White should try} 46. Rf6+ $1 $16 Ke8 47. Rg2 (47. d5 Rd1+ 48. Ke3 Rxd5 $11) 47... Rf3+ 48. Kc4) 46... Kg8 $14 {[%emt 0:00:30] [#]} 47. Rbb7 (47. a4 $1 $16) 47... Nh5 $14 48. Rxh7 Nxf4+ 49. Kc4 Rc1+ (49... Rxa2 50. Rbg7+ Kf8 51. Rd7 $14) 50. Kb4 Nd5+ 51. Kb5 Nc3+ 52. Kb6 Nd5+ 53. Kb5 Nc3+ 54. Kc6 Ne2+ 55. Kb6 $1 (55. Kd6 $2 Ra6+ (55... Nxd4 56. Rhg7+ Kf8 57. Rbf7+ Ke8 58. Re7+ Kf8 59. Ref7+ Ke8 60. Re7+ Kf8 61. Ref7+ $11) 56. Ke7 Kxh7 $19) 55... Nxd4 56. Rbg7+ Kf8 57. Rd7 Rb8+ 58. Ka6 (58. Ka7 $5 Nc6+ $8 59. Ka6 $17) 58... Kg8 59. Rhg7+ Kh8 60. Rh7+ Kg8 61. Rdg7+ Kf8 62. Rf7+ ({But not} 62. Rh8+ $2 Kxg7 63. Rxb8 f4 $19) (62. Rd7 $5 Kg8 $8 $11) 1/2-1/2

[Event "German Bundesliga 2024-25"]
[Site "Germany"]
[Date "2025.01.12"]
[Round "6"]
[White "Rapport, Richard"]
[Black "Zilka, Stepan"]
[Result "1/2-1/2"]
[Annotator "TA"]
[ECO "C54"]
[WhiteElo "2721"]
[BlackElo "2539"]
[PlyCount "133"]
[EventDate "2024.09.27"]
[EventType "team-tourn"]
[EventCountry "GER"]
[SourceTitle "playchess.com"]
[Source "ChessBase"]
[SourceQuality "1"]
[WhiteTeam "Baden-Baden"]
[BlackTeam "Heimbach-Weis-Neuwied"]
[TimeControl "40/5400+30:1800+30"]

1. e4 e5 2. Nf3 Nc6 3. Bc4 Bc5 4. c3 Nf6 5. d3 a6 6. Nbd2 Ba7 7. O-O O-O 8. Re1 d6 9. Nf1 Na5 10. Bb3 Nxb3 11. axb3 h6 12. Ng3 Re8 13. h3 Nh7 14. d4 Ng5 15. Nxg5 hxg5 16. Be3 (16. Qh5 {is more complex.} f6 17. d5 Qd7 18. Be3) 16... f6 17. b4 Be6 18. Qd3 (18. b5 $14) 18... Bb6 ({Better is} 18... exd4 $11 19. Bxd4 (19. cxd4 d5 $11) 19... c5) 19. Rad1 Qe7 20. dxe5 dxe5 21. Bxb6 cxb6 22. Qd6 Qxd6 23. Rxd6 b5 24. Red1 {[%emt 0:04:30] Black is weak on the dark squares} Kf7 25. Nf1 (25. Nf5 $14) 25... Rac8 26. Ne3 Rc6 27. R6d3 Ke7 28. Kh2 Rcc8 29. Kg3 Rh8 30. Rd6 Rc6 (30... Rhd8 $11 31. Rb6 Rxd1 32. Nxd1 Rc7) 31. Rxc6 $14 bxc6 {[%emt 0:00:30][%mdl 4096] Endgame KRB-KRN} 32. Ra1 (32. Nf5+ $14 Kf7 (32... Bxf5 33. exf5 Rh4 34. Ra1 $16) 33. Nd6+ Ke7 34. Nb7) 32... Ra8 $11 33. h4 gxh4+ 34. Kxh4 g6 35. Kg3 f5 36. exf5 gxf5 37. f4 $1 Kf6 38. Rh1 Rg8+ 39. Kf3 e4+ 40. Ke2 (40. Kf2 $16) 40... Ke7 (40... Kg6 $14) 41. Kf2 $16 Rd8 42. Rh7+ Kf6 43. Rh6+ Ke7 44. Rh7+ Kf6 45. Ke2 Bf7 $2 (45... Ra8 $16) 46. Rh6+ $18 Bg6 {[%emt 0:00:30] [#]} 47. g4 $1 Kg7 {[%emt 0:00:00] Prevents gxf5} 48. Rh4 (48. Nxf5+ $2 Bxf5 49. Rh4 Bh7 $19) 48... fxg4 49. f5 ({White should play} 49. Nxg4 $16 Bf7 50. Ke3) 49... Bf7 $14 50. Rxg4+ (50. Nxg4 $16 {Black must now prevent Ke3.} Rd5 51. Ne3) 50... Kf6 $11 {[%emt 0:00:00] ...Bh5 is the strong threat.} 51. Rxe4 Bh5+ 52. Ke1 Kg5 53. Re6 Bf3 54. f6 {[%emt 0:03:42] White wants to play Kf2.} Rf8 55. Kf2 Bh1 56. Re5+ Kxf6 57. Ng4+ Kg6+ 58. Ke3 Rf3+ 59. Ke2 Rg3 60. Ne3 Kf6 61. Re8 Kf7 62. Ra8 Be4 63. Rxa6 Rh3 64. Kf2 Rf3+ 65. Ke2 Rh3 66. Kf2 Rf3+ 67. Ke2 1/2-1/2

[Event "German Bundesliga 2024-25"]
[Site "Germany"]
[Date "2025.01.12"]
[Round "6"]
[White "Aravindh, Chithambaram VR."]
[Black "Moussard, Jules"]
[Result "1-0"]
[Annotator "TA"]
[ECO "D64"]
[WhiteElo "2706"]
[BlackElo "2599"]
[PlyCount "113"]
[EventDate "2024.09.27"]
[EventType "team-tourn"]
[EventCountry "GER"]
[SourceTitle "playchess.com"]
[Source "ChessBase"]
[SourceQuality "1"]
[WhiteTeam "Viernheim"]
[BlackTeam "Deizisau"]
[TimeControl "40/5400+30:1800+30"]

1. d4 Nf6 2. c4 e6 3. Nc3 d5 4. Bg5 Be7 5. e3 h6 6. Bh4 O-O 7. Nf3 Nbd7 8. Rc1 c6 9. Qc2 a6 10. a3 Re8 11. Rd1 Nh5 12. Bxe7 Qxe7 13. g4 {[%emt 0:01:30] The position is equal.} Nhf6 14. g5 hxg5 15. Nxg5 Nf8 16. Rg1 e5 17. cxd5 Ng4 {[%emt 0:04:30] [#]} (17... cxd5 $11 {remains equal.} 18. Qb3 Rd8) 18. Nge4 $1 $36 {[%emt 0:15:30][%mdl 2048] White is in control.} Bf5 {[%emt 0:08:30] [#]} 19. Qe2 (19. dxc6 $142 $1 {And now Qe2 would win.} exd4 20. Rxd4 bxc6 21. Qe2) 19... Nf6 20. Nxf6+ Qxf6 21. dxe5 Rxe5 22. Qf3 Ng6 23. Be2 Rae8 24. d6 R5e6 25. d7 Rd8 26. e4 {[%emt 0:00:06] The board is on fire. White is more active.} Bxe4 27. Nxe4 Qxb2 {[%emt 0:00:32][%mdl 8192] This costs Black the game.} (27... Qxf3 $16 {was necessary.} 28. Bxf3 Nh4) 28. Kf1 $18 {[%emt 0:01:45][%cal Og1g6] aiming for Rxg6!} Qe5 29. Ng5 Rf6 30. Qe4 Rf4 31. Qxe5 Nxe5 32. Rg3 {[%emt 0:00:53] Strongly threatening Re3.} Rxd7 33. Rxd7 Nxd7 34. Rd3 Nf8 35. Rd8 g6 36. Rc8 Rd4 37. Rb8 b5 38. Rc8 Rd5 39. Ne4 Kg7 {[%emt 0:00:38] Repels Nf6} 40. Rxc6 Rd4 41. Nc3 b4 42. axb4 Rxb4 43. Rxa6 Nd7 44. Nd5 Rb1+ 45. Kg2 Rb2 46. Bc4 Ne5 47. Ne3 Rb4 48. Bd5 f5 49. Ra7+ Kh6 50. Re7 Nd3 51. Bc4 Nf4+ 52. Kg3 Nh5+ 53. Kf3 Kg5 $2 (53... Ra4 54. Rd7 Ra3) 54. Re6 {[%emt 0:00:00] White is clearly winning.} Ng7 55. Rc6 Rb7 {[%emt 0:00:00] [#]} 56. h4+ $1 Kh6 57. Rf6 {[%emt 0:00:00] Weighted Error Value: White=0.12 (very precise) /Black=0.26 (precise) .  Loses game:     	---       	Black=1      Mistake:       	White=1     	Black=3      Inaccurate:     	White=1     	Black=2      OK:         	White=28    	Black=18     Best:        	White=3     	---        Strong:       	White=1     	---} 1-0

[Event "German Bundesliga 2024-25"]
[Site "Germany"]
[Date "2025.01.12"]
[Round "6"]
[White "Kasimdzhanov, Rustam"]
[Black "Kosakowski, Jakub"]
[Result "1-0"]
[Annotator "TA"]
[ECO "A20"]
[WhiteElo "2685"]
[BlackElo "2516"]
[PlyCount "101"]
[EventDate "2024.09.27"]
[EventType "team-tourn"]
[EventCountry "GER"]
[SourceTitle "playchess.com"]
[Source "ChessBase"]
[SourceQuality "1"]
[WhiteTeam "Baden-Baden"]
[BlackTeam "Heimbach-Weis-Neuwied"]
[TimeControl "40/5400+30:1800+30"]

1. c4 e5 2. g3 Nf6 3. Bg2 c6 4. Nf3 e4 5. Nd4 Qb6 6. e3 d5 7. Nc3 Bg4 8. Qb3 Bc5 9. h3 Bd7 10. Qxb6 axb6 11. cxd5 cxd5 12. Ndb5 Kd8 {[%emt 0:16:30] Prevents Nc7} 13. O-O Nc6 {[%emt 0:04:30] [#]} 14. d3 $1 exd3 15. Rd1 $1 (15. Bxd5 $2 Nxd5 (15... Bxh3 16. Bg2 $15) 16. Nxd5 Ne5 $19 (16... Bxh3 17. Rd1 $15)) 15... Ne5 16. Nd4 {[%emt 0:15:30][%mdl 1024] White has compensation.} h5 17. b3 Ke7 18. Bb2 Rad8 19. f4 (19. a4 $5) 19... Nc6 $1 20. Rxd3 Rhe8 21. Nxc6+ (21. Bxd5 $2 Nb4 (21... Bxh3 $2 22. Bxc6 Bxd4 23. Bxe8 $18) 22. Bc4 Nxd3 (22... Bxh3 23. Rd2 $17) 23. Bxd3 Kf8 $19 (23... Bxh3 $2 24. Bb5 $19)) (21. Nxd5+ Nxd5 22. Bxd5 Nb4 $19 (22... Bxh3 $2 23. Bxc6 Bxd4 24. Bxe8 $18)) 21... bxc6 22. Na4 Bd6 (22... Ne4 $11 {keeps the balance.}) 23. Nxb6 $16 Bf5 (23... Bc5 $16 24. Nxd7 Nxd7) 24. Rc3 $1 $18 Kf8 25. Rxc6 Rxe3 {[%emt 0:00:46] [#]} 26. Rxd6 $1 Rxd6 27. Ba3 $1 {[%emt 0:00:06][%csl LRd5,LRd6] This pair of bishops is nice.} Ke7 {[%emt 0:00:06][%cal Oe7e6,Bf8e7,Be7d8,Bd8d7][%mdl 32] [#]} 28. Kf2 $1 (28. Bxd6+ Kxd6 29. Kh2 Re2 $15) 28... Rd3 29. Re1+ (29. Bxd6+ Kxd6 30. Re1 Kc5 31. Na4+ Kd4 $15) 29... Be4 {[%emt 0:00:44][%cal Oe7e6] [#]} 30. Nxd5+ $1 Kd8 {[%emt 0:00:29] and ...Rd2+ should not be overlooked} 31. Bxd6 Rd2+ (31... Bxd5 {is a better defense.} 32. Bxd5 Nxd5) 32. Re2 Rxe2+ 33. Kxe2 Bxg2 {[%emt 0:00:04][%mdl 4096] Endgame KBN-KBN. White is two pawns up.} 34. Be7+ Kd7 35. Bxf6 ({Not} 35. Nxf6+ Kxe7 36. Kf2 (36. Nxh5 g6 $15) 36... Bc6 $16) 35... Bxd5 36. Bxg7 {[%emt 0:00:04] Hoping for Ke3. KB-KB. White is 3 pawns up.} Be6 $2 (36... Bg2 37. h4 Be4) 37. h4 Kc6 38. Kd3 Bf5+ 39. Kc4 Bg4 40. Bf8 Bd1 (40... Kd7 $142 41. Kc5 Be6) 41. f5 f6 42. Be7 Bg4 43. Bxf6 {[%emt 0:08:10] White wants to mate with a4.} Bxf5 44. Bg5 Bg4 45. a4 Bd1 46. Kb4 Bc2 47. Ka3 Kd5 48. b4 Bd1 49. b5 Kc4 50. b6 Bf3 {[%emt 0:00:00] [#]} 51. g4 $1 1-0

[Event "German Bundesliga 2024-25"]
[Site "Germany"]
[Date "2025.01.12"]
[Round "6"]
[White "Maghsoodloo, Parham"]
[Black "Gledura, Benjamin"]
[Result "1-0"]
[Annotator "TA"]
[ECO "E44"]
[WhiteElo "2674"]
[BlackElo "2652"]
[PlyCount "55"]
[EventDate "2024.09.27"]
[EventType "team-tourn"]
[EventCountry "GER"]
[SourceTitle "playchess.com"]
[Source "ChessBase"]
[SourceQuality "1"]
[WhiteTeam "Viernheim"]
[BlackTeam "Deizisau"]
[TimeControl "40/5400+30:1800+30"]

1. d4 Nf6 2. c4 e6 3. Nc3 Bb4 4. e3 b6 5. Nge2 Ne4 6. Bd2 Nxd2 7. Qxd2 Bb7 8. a3 Be7 9. d5 O-O 10. f4 a5 11. g4 Na6 12. Ng3 Re8 13. O-O-O Nc5 {[%emt 0:01:30] White must now prevent ...Nb3+.} 14. Kb1 Bf8 15. g5 exd5 16. cxd5 {[%emt 0:03:12] [#]} b5 17. Bxb5 $14 Ba6 $1 18. a4 Qc8 19. Nf5 c6 {[%emt 0:02:43] [#]} (19... Bxb5 $16 20. axb5 c6) 20. Nh6+ $1 $18 gxh6 $2 (20... Kh8 {was called for.}) 21. gxh6 Qd8 {[%emt 0:00:30] [#]} (21... cxb5 22. Rhg1+) (21... Nb3 $142 22. Qg2+ Kh8) 22. Qd4 $1 {[%emt 0:00:05] Threatening mate with Rhg1+.} f6 23. dxc6 Re6 24. f5 Re5 {[%emt 0:02:22] Black is weak on the light squares} 25. Bxa6 (25. cxd7 Kh8 $18) 25... Nxa6 26. Qg4+ ({Not} 26. cxd7 Kh8 27. Nb5 Nc5 $18) (26. Qxd7 Qxd7 27. Rxd7 Rc5 $16) 26... Kh8 27. Rxd7 ({Worse is} 27. cxd7 Nc5 $11) 27... Qe8 {[%emt 0:02:14] [#]} 28. Rg7 $1 1-0

[Event "German Bundesliga 2024-25"]
[Site "Germany"]
[Date "2025.01.12"]
[Round "6"]
[White "Kollars, Dmitrij"]
[Black "Abdusattorov, Nodirbek"]
[Result "1/2-1/2"]
[Annotator "TA"]
[ECO "B17"]
[WhiteElo "2641"]
[BlackElo "2768"]
[PlyCount "60"]
[EventDate "2024.09.27"]
[EventType "team-tourn"]
[EventCountry "GER"]
[SourceTitle "playchess.com"]
[Source "ChessBase"]
[SourceQuality "1"]
[WhiteTeam "Deizisau"]
[BlackTeam "Viernheim"]
[TimeControl "40/5400+30:1800+30"]

1. e4 c6 2. d4 d5 3. Nc3 dxe4 4. Nxe4 Nd7 5. Nf3 Ngf6 6. Nxf6+ Nxf6 7. Ne5 Be6 8. Be2 g6 9. O-O Bg7 10. c3 O-O 11. Re1 Qb6 12. Nd3 Rfe8 13. Bf4 Rad8 {[%emt 0:05:30] The position is equal.} 14. Bf1 Bc4 15. Qc2 e6 16. h3 Nd5 {[%emt 0:02:30] [#] And now ...Bxd3 would win.} 17. Bg3 Bxd3 18. Bxd3 Rd7 19. a4 a6 20. a5 Qd8 21. Bc4 Bf8 22. b4 Bd6 23. Bxd6 Rxd6 24. g3 h5 25. h4 Nf6 26. Re2 Ng4 27. Rae1 Kg7 28. Qc1 Rd7 29. Kg2 Rde7 30. Qf4 Qc7 {[%emt 0:00:30] Weighted Error Value: White=0.03 (flawless) /Black=0.04 (flawless) .  OK:         	White=6     	Black=11} 1/2-1/2

[Event "German Bundesliga 2024-25"]
[Site "Germany"]
[Date "2025.01.12"]
[Round "6"]
[White "Korobov, Anton"]
[Black "Heimann, Andreas"]
[Result "1/2-1/2"]
[Annotator "TA"]
[ECO "A08"]
[WhiteElo "2636"]
[BlackElo "2553"]
[PlyCount "47"]
[EventDate "2024.09.27"]
[EventType "team-tourn"]
[EventCountry "GER"]
[SourceTitle "playchess.com"]
[Source "ChessBase"]
[SourceQuality "1"]
[WhiteTeam "Viernheim"]
[BlackTeam "Deizisau"]
[TimeControl "40/5400+30:1800+30"]

1. Nf3 d5 2. g3 c5 3. Bg2 Nf6 4. O-O g6 5. d3 Bg7 6. Nbd2 O-O 7. e4 Nc6 8. Re1 e5 9. exd5 Nxd5 10. Nc4 f6 11. c3 Be6 12. a4 Qc7 13. a5 b5 14. axb6 axb6 15. Rxa8 Rxa8 16. Nfd2 Rb8 17. Na3 (17. f4 $5) 17... Qd7 18. Qa4 Nde7 19. Ndc4 Bd5 20. Bxd5+ Qxd5 21. Rd1 h5 22. Nb5 Kh7 23. h4 ({White should play} 23. Nbd6 $11) 23... Qf3 (23... Nf5 $15) 24. Qc2 1/2-1/2

[Event "German Bundesliga 2024-25"]
[Site "Germany"]
[Date "2025.01.12"]
[Round "6"]
[White "Kamsky, Gata"]
[Black "Sarana, Alexey"]
[Result "1-0"]
[Annotator "TA"]
[ECO "D78"]
[WhiteElo "2609"]
[BlackElo "2679"]
[PlyCount "91"]
[EventDate "2024.09.27"]
[EventType "team-tourn"]
[EventCountry "GER"]
[SourceTitle "playchess.com"]
[Source "ChessBase"]
[SourceQuality "1"]
[WhiteTeam "Deizisau"]
[BlackTeam "Viernheim"]
[TimeControl "40/5400+30:1800+30"]

1. Nf3 d5 2. g3 g6 3. Bg2 Bg7 4. d4 Nf6 5. O-O O-O 6. c4 c6 7. Qb3 a5 8. cxd5 a4 9. Qd1 cxd5 10. Nc3 Qa5 11. Bd2 Qa7 12. e3 Nc6 13. Qe2 e6 14. Rfc1 Bd7 15. Ne5 Nxe5 16. dxe5 Ne8 17. e4 d4 18. Nb5 Qb6 19. Na3 Bxe5 20. Nc4 {[%emt 0:00:30][%csl LRb6,LRe5] Inhibits Nd6.} Qa6 21. Qe1 {[%emt 0:05:30][%mdl 1024] White has compensation.} (21. Qd1 $5 f6 22. Bb4 $11) 21... Bb8 (21... Bc7 $11) 22. e5 Ng7 {[%emt 0:01:30] Black is weak on the dark squares} 23. Na5 Ra7 $1 24. b4 $1 axb3 25. Nxb3 Bc6 26. Nc5 $36 {[%emt 0:08:30][%mdl 2048] White has strong initiative.} Qb6 27. Rab1 Qd8 28. Nxb7 Bxb7 29. Bxb7 Bc7 {[%emt 0:01:24] [#]} 30. Qe4 $1 {[%emt 0:03:30] Dodges Nf5} Ba5 31. Rc8 {[%emt 0:02:30] White has more active pieces.} Bxd2 (31... Qxc8 $16 32. Bxc8 Bxd2) 32. Rxd8 $18 Rxd8 33. Qc2 Bc3 34. a4 Nf5 35. Kg2 Ne7 (35... Rb8) 36. Rb5 Kg7 37. Qb3 Rd7 38. Be4 Rdc7 39. Rb8 {[%emt 0:01:39] Hoping for Qb5.} Rd7 $2 (39... d3 {was called for.} 40. Bxd3 Bxe5) 40. Qa3 (40. Re8 $142) 40... Ra5 $2 {[%emt 0:01:24] [#]} (40... Rac7) 41. Bc6 $1 Rda7 (41... Rc7 42. Qd6) 42. Bb7 Rxb7 43. Rxb7 Nc6 44. Rb5 Ra8 45. Qd6 Ra6 46. Rb7 1-0

[Event "German Bundesliga 2024-25"]
[Site "Germany"]
[Date "2025.01.12"]
[Round "6"]
[White "Dardha, Daniel"]
[Black "Mamedyarov, Shakhriyar"]
[Result "1/2-1/2"]
[Annotator "TA"]
[ECO "C47"]
[WhiteElo "2606"]
[BlackElo "2732"]
[PlyCount "44"]
[EventDate "2024.09.27"]
[EventType "team-tourn"]
[EventCountry "GER"]
[SourceTitle "playchess.com"]
[Source "ChessBase"]
[SourceQuality "1"]
[WhiteTeam "Deizisau"]
[BlackTeam "Viernheim"]
[TimeControl "40/5400+30:1800+30"]

1. e4 e5 2. Nf3 Nc6 3. Nc3 Nf6 4. d4 exd4 5. Nxd4 Bb4 6. Nxc6 bxc6 7. Bd3 O-O 8. O-O d5 9. exd5 Bg4 10. f3 Bh5 $1 11. dxc6 Qd4+ $1 12. Kh1 {[%emt 0:00:30][%cal Od3h7] Hoping for Bxh7+!.} Bxc3 13. bxc3 Qxc3 14. Rb1 Bg6 15. Rb3 Qxc6 16. Bb5 {[%emt 0:05:30] A strong pair of Bishops.} Qxc2 17. Qxc2 Bxc2 18. Rc3 Rab8 19. Be2 Bb1 20. Rxc7 Bxa2 21. Rxa7 Ra8 22. Rxa8 Rxa8 1/2-1/2

[Event "German Bundesliga 2024-25"]
[Site "Germany"]
[Date "2025.01.12"]
[Round "6"]
[White "Kraemer, Martin"]
[Black "Aronian, Levon"]
[Result "1/2-1/2"]
[Annotator "TA"]
[ECO "C47"]
[WhiteElo "2579"]
[BlackElo "2747"]
[PlyCount "29"]
[EventDate "2024.09.27"]
[EventType "team-tourn"]
[EventCountry "GER"]
[SourceTitle "playchess.com"]
[Source "ChessBase"]
[SourceQuality "1"]
[WhiteTeam "Heimbach-Weis-Neuwied"]
[BlackTeam "Baden-Baden"]
[TimeControl "40/5400+30:1800+30"]

1. e4 e5 2. Nf3 Nc6 3. Nc3 Nf6 4. d4 exd4 5. Nxd4 Nxe4 6. Nxc6 (6. Nxe4 {is more complex.} Qe7 7. f3 d5 8. Bb5) 6... Nxc3 7. Nxd8 Nxd1 8. Nxf7 Kxf7 9. Bc4+ Kf6 10. h4 Bc5 11. Bg5+ {[%emt 0:01:30][%mdl 1024] White has compensation.} Kg6 12. Bd3+ Kf7 13. Bc4+ Kg6 14. Bd3+ Kf7 15. Bc4+ 1/2-1/2

[Event "German Bundesliga 2024-25"]
[Site "Germany"]
[Date "2025.01.12"]
[Round "6"]
[White "Dautov, Rustem"]
[Black "Anton Guijarro, David"]
[Result "1/2-1/2"]
[Annotator "TA"]
[ECO "D39"]
[WhiteElo "2568"]
[BlackElo "2671"]
[PlyCount "60"]
[EventDate "2024.09.27"]
[EventType "team-tourn"]
[EventCountry "GER"]
[SourceTitle "playchess.com"]
[Source "ChessBase"]
[SourceQuality "1"]
[WhiteTeam "Deizisau"]
[BlackTeam "Viernheim"]
[TimeControl "40/5400+30:1800+30"]

1. d4 Nf6 2. Nf3 d5 3. c4 e6 4. Nc3 Bb4 5. Bg5 dxc4 6. e4 c5 7. Bxc4 cxd4 8. Nxd4 Qa5 9. Bd2 (9. Bxf6 {is more complex.} Bxc3+ 10. bxc3 Qxc3+ 11. Kf1) 9... Qc5 10. Bb5+ Bd7 11. Nb3 Qc7 12. O-O O-O {[%emt 0:01:30][%cal Bh8f8,Bf8d8,Bd8d5][%mdl 32] Strongly threatening ...Bxc3.} 13. Rc1 {[%emt 0:01:30][%cal Oc3d5] Nd5! is the strong threat.} Nc6 14. Qe2 Rfd8 15. Bg5 Be7 16. Be3 Rac8 17. f4 Be8 18. e5 Nd5 19. Nxd5 Rxd5 20. Bd3 Qb8 21. Be4 Rdd8 22. a3 b6 23. Qf3 Na5 24. Nxa5 bxa5 25. Qf2 Qb3 26. h3 (26. Rxc8 $14 Rxc8 27. Bxa7) 26... f5 $11 27. exf6 Bxf6 28. Rxc8 Rxc8 29. Bd4 Bxd4 30. Qxd4 Qb6 1/2-1/2